AoeStats
← NuMa | Gacha

Arabia

508442525Analyzed
2v2 RM · 11d ago on Sep 22, 2026· 74m 50s· 4 players
Game mode
Random Map
Map size
Medium (4 player)
Population
200
Speed
Normal
Resources
Standard
Victory
Conquest
Starting age
Dark Age
Ending age
Imperial Age
RankedLock teamsTeams togetherTeam positionsShared explorationLock speedFull tech treeHidden civsTurbo modeCheats
Victory
Defeat
🇫🇷 Franks · France
1131
+14
🇫🇷 Ethiopians · France
1131
+14
🇨🇴 Persians · Colombia
1095
-14
🇹🇼 Ethiopians · Taiwan
1085
-14
NuMa | Gacha
6:38 Loom
9:14 Feudal Age
9:53 Double-Bit Axe
15:20 Forging
22:58 Castle Age
21:28 Gold Mining
22:11 Scale Barding Armor
24:15 Bloodlines
24:54 Gold Shaft Mining
24:28 Husbandry
28:24 Iron Casting
31:56 Stone Mining
35:22 Town Watch
41:18 Wheelbarrow
41:49 Stone Shaft Mining
43:00 Hand Cart
46:47 Imperial Age
45:14 Fletching
46:29 Heavy Camel Rider
50:00 Blast Furnace
48:55 Horse Collar
49:57 Conscription
50:53 Chain Barding Armor
54:03 Cavalier
57:30 Plate Barding Armor
59:26 Chemistry
58:48 Savar
61:29 Light Cavalry
65:00 Hussar
南港包大爺
8:52 Loom
11:10 Feudal Age
14:02 Double-Bit Axe
14:59 Fletching
16:59 Horse Collar
17:59 Padded Archer Armor
23:24 Castle Age
23:29 Crossbowman
24:15 Thumb Ring
24:58 Bodkin Arrow
27:33 Bow Saw
29:11 Wheelbarrow
39:32 Imperial Age
37:18 Hand Cart
37:40 Ballistics
39:15 Leather Archer Armor
39:27 Gold Mining
39:35 Arbalester
41:22 Chemistry
40:40 Bracer
70:32 Stone Mining
71:17 Gold Shaft Mining
70:49 Elite Skirmisher
Suribat
8:11 Loom
10:40 Feudal Age
11:23 Double-Bit Axe
12:17 Wheelbarrow
13:55 Fletching
19:07 Padded Archer Armor
27:23 Castle Age
25:20 Horse Collar
26:21 Forging
26:12 Scale Mail Armor
28:26 Hand Cart
28:33 Town Watch
30:36 Town Patrol
30:38 Crossbowman
33:54 Thumb Ring
33:26 Elite Skirmisher
37:50 Squires
38:07 Bow Saw
38:10 Bodkin Arrow
38:31 Leather Archer Armor
38:51 Iron Casting
38:32 Chain Mail Armor
38:15 Gold Mining
38:22 Stone Mining
40:57 Heavy Plow
42:39 Stone Shaft Mining
42:41 Gold Shaft Mining
43:57 Royal Heirs
47:51 Light Cavalry
48:33 Husbandry
61:45 Ballistics
64:57 Imperial Age
65:10 Capped Ram
66:27 Siege Ram
skavenb #Bestrust
10:12 Feudal Age
9:34 Loom
14:08 Wheelbarrow
13:22 Double-Bit Axe
16:41 Forging
21:32 Castle Age
20:36 Scale Barding Armor
22:55 Bow Saw
23:42 Gold Mining
24:00 Husbandry
25:48 Gold Shaft Mining
28:50 Iron Casting
33:08 Hand Cart
37:03 Stone Mining
39:16 Chain Barding Armor
38:57 Scale Mail Armor
39:36 Pikeman
42:11 Squires
45:38 Imperial Age
46:22 Cavalier
47:52 Paladin
49:31 Plate Barding Armor
49:57 Blast Furnace
48:48 Halberdier
49:15 Arson
51:41 Onager
51:56 Light Cavalry
59:56 Caravan
Connection lost

Rejoining the realm…

Still unreachable

The connection could not be restored.

Session expired

The server has moved on; the page needs a fresh start.